 Dungeon Crawl Stone Soup version 0.31-b1-17-gcfd88c8481 (webtiles) character file.

Game seed: 16949604868650395191

12 hawla the Firebug (level 2, 0/15 HPs)
             Began as a Deep Elf Fire Elementalist on Jan 15, 2024.
             Slain by a goblin
             ... wielding a +0 dagger
              (3 damage)
             ... on level 1 of the Dungeon.
             The game lasted 00:02:03 (296 turns).

hawla the Firebug (Deep Elf Fire Elementalist)       Turns: 296, Time: 00:02:04

Health: 0/15       AC:  2    Str:  5    XL:     2   Next: 20%
Magic:  3/8        EV: 13    Int: 19    God:
Gold:   5          SH:  0    Dex: 15    Spells: 6/7 levels left

rFire   . . .        (no weapon)
rCold   . . .        (no shield)
rNeg    . . .        a - +0 robe
rPois   .            (no helmet)
rElec   .            (no cloak)
rCorr   .            (no gloves)
SInv    .            (no boots)
Will    .....        (no amulet)
Stlth   ++           (no ring)
HPRegen 0.22/turn    (no ring)
MPRegen 0.11/turn

%: no passive effects
@: no status effects
A: no striking features
a: no special abilities


You were on level 1 of the Dungeon.
You visited 1 branch of the dungeon, and saw 1 of its levels.

You collected 5 gold pieces.

Inventory:

Armour
 a - a +0 robe (worn)
Potions
 b - a potion of magic
 c - a potion of curing {unknown}


   Skills:
 + Level 2.7 Dodging
 + Level 2.4 Stealth
 + Level 3.1 Spellcasting
 + Level 1.1 Conjurations
 + Level 3.8 Fire Magic


You had 6 spell levels left.
You knew the following spells:

 Your Spells              Type           Power      Damage    Failure   Level
a - Foxfire               Conj/Fire      48%        2x1d6     5%          1

Your spell library contained the following spells:

 Spells                   Type           Power      Damage    Failure   Level
 Scorch                   Fire           34%        2d6       4%          2
 Inner Flame              Hex/Fire       10%        N/A       21%         3
 Volatile Blastmotes      Fire/Tloc      20%        2d11      21%         3
 Flame Wave               Conj/Fire      12%        2d6       47%         4


Dungeon Overview and Level Annotations

Branches:
Dungeon (1/15)

Altars:


Message History

Confirm with . or Enter, or press ? or * to list all spells.
You conjure some foxfire!
The quokka closely misses you. The goblin misses you.
The foxfire hits the quokka but does no damage.
The quokka is heavily wounded.
The quokka closely misses you. The goblin closely misses you.
Casting: Foxfire (safe; 5% risk of failure)
Confirm with . or Enter, or press ? or * to list all spells.
You conjure some foxfire!
The quokka closely misses you. The goblin hits you with a +0 dagger.
The foxfire hits the quokka.
The quokka is severely wounded.
The quokka bites you but does no damage.
The quokka completely misses you. The goblin misses you.
Casting: Foxfire (safe; 5% risk of failure)
Confirm with . or Enter, or press ? or * to list all spells.
You conjure some foxfire!
The quokka bites you. The goblin misses you.
The foxfire hits the quokka but does no damage.
The quokka is severely wounded.
The quokka bites you. The goblin hits you but does no damage.
Casting: Foxfire (safe; 5% risk of failure)
Confirm with . or Enter, or press ? or * to list all spells.
You conjure some foxfire!
The quokka misses you. The goblin hits you with a +0 dagger.
The foxfire hits the quokka.
You kill the quokka!
The goblin hits you with a +0 dagger.
* * * LOW HITPOINT WARNING * * *
Casting: Foxfire (safe; 5% risk of failure)
Confirm with . or Enter, or press ? or * to list all spells.
You conjure some foxfire!
The ball python bites you but does no damage.
The ball python misses you. The ball python completely misses you.
The ball python grabs you. The ball python constricts you.
The goblin hits you with a +0 dagger.
* * * LOW HITPOINT WARNING * * *
You are too injured to fight recklessly!
You closely miss the ball python.
The foxfire hits the ball python.
You kill the ball python!
The goblin hits you with a +0 dagger.
You die...

.# # #.# #.#
#. #.# #†#
##.####.###.#
........#.#†#
.........#..#
......#.###)##
##.....## ##.#
##.#.#g###.##
#.#.#@†#.## #
# #.#.## #.#.#
#.#.# ..#.#
###.# ... #.#
#S#


You could see a goblin.

Vanquished Creatures
  2 endoplasms (D:1)
  3 hobgoblins (D:1)
  A jackal (D:1)
  A quokka (D:1)
  A ball python (D:1)
  3 kobolds (D:1)
  A rat (D:1)
12 creatures vanquished.

Vanquished Creatures (others)
  24 foxfires (D:1)
24 creatures vanquished.

Grand Total: 36 creatures vanquished

Notes
Turn   | Place    | Note
-------+----------+-------------------------------------------
     0 | D:1      | hawla the Deep Elf Fire Elementalist began the quest for
                  | the Orb.
     0 | D:1      | Reached XP level 1. HP: 10/10 MP: 6/6
    71 | D:1      | Found a faded altar of an unknown god.
   196 | D:1      | Reached XP level 2. HP: 10/15 MP: 2/8
   296 | D:1      | Slain by a goblin

Illustrated notes

Levels and vault maps discovered:
D:1:      reono_arrival_mine, layout_loops_ring,
          hellmonk_ecumenical_altar_dog_temple

Action                     || total
---------------------------++-------
  Melee: Unarmed           ||     9
   Cast: Foxfire           ||    16
 Armour: Robe              ||    20
  Dodge: Dodged            ||    20
